 Dungeon Crawl Stone Soup version 0.21.1-1-g345015f (webtiles) character file.

167 empire the Slasher (level 5, 0/45 HPs)
             Began as a Minotaur Fighter on Apr 19, 2018.
             Slain by a river rat (4 damage)
             ... in a sewer.
             The game lasted 00:04:44 (1831 turns).

empire the Slasher (Minotaur Fighter)               Turns: 1831, Time: 00:04:44

Health: 0/45       AC:  8    Str: 26    XL:     5   Next: 23%
Magic:  4/4        EV:  9    Int:  5    God:
Gold:   78         SH: 10    Dex: 10    Spells: 4/4 levels left

rFire    . . .     SeeInvis .   a - +0 long sword
rCold    . . .     Gourm    .   c - +0 shield
rNeg     . . .     Faith    .   b - +0 scale mail
rPois    .         Spirit   .   m - +1 hat
rElec    .         Reflect  .   (no cloak)
rCorr    .         Harm     .   (no gloves)
MR       .....                  (no boots)
Stlth    ..........             (no amulet)
HPRegen  0.15/turn              (no ring)
MPRegen  0.09/turn              (no ring)

@: mighty, very slow
A: retaliatory headbutt, horns 2
a: no special abilities


You were in a sewer.
You were not hungry.

You visited 1 branch of the dungeon, and saw 3 of its levels.
You also visited: Sewer.

You collected 78 gold pieces.

Inventory:

Hand Weapons
 a - a +0 long sword (weapon)
 o - a +3 club
Armour
 b - a +0 scale mail (worn)
 c - a +0 shield (worn)
 m - a +1 hat (worn)
Scrolls
 e - 2 scrolls of noise
 i - 3 scrolls of identify
Potions
 d - a potion of might
 h - 2 potions of agility
 k - a potion of haste {unknown}
 l - a potion of curing {unknown}
 n - a potion of degeneration {unknown}
 p - a potion of resistance {unknown}
Comestibles
 f - 7 rations


   Skills:
 - Level 3.6 Fighting
 - Level 5.0 Long Blades
 - Level 4.0 Armour
 + Level 3.0 Dodging
 - Level 4.0 Shields


You had 4 spell levels left.
You didn't know any spells.

Dungeon Overview and Level Annotations

Branches:
Dungeon (3/15)

Altars:


Innate Abilities, Weirdness & Mutations

You reflexively headbutt those who attack you in melee.
You have a pair of horns on your head.


Message History

The river rat barely misses you.
Your unstable footing causes you to fumble your attack.
The rat bites you but does no damage.
The river rat bites you but does no damage.
Your unstable footing causes you to fumble your attack.
The rat splashes around in the water.
The river rat barely misses you.
You hit the rat.
You kill the rat!
The river rat bites you!
* * * LOW HITPOINT WARNING * * *
You closely miss the rat.
You kill the rat!
The river rat bites you!
* * * LOW HITPOINT WARNING * * *
You feel very mighty all of a sudden.
The river rat bites you but does no damage.
Why would you want to do that?
Your unstable footing causes you to fumble your attack.
The river rat bites you.
You die...

######
##....##
##.......
#......#
#.......
#..∩∩..#
##......
#......#
......#
#.≈≈≈≈##
##≈≈≈..#
#≈≈≈≈≈≈#
#≈≈≈≈≈≈#
#≈≈≈≈≈≈#
#≈≈†≈≈≈#
#≈≈≈≈≈≈#
#≈≈@r≈≈#
#≈≈≈≈≈≈#
#≈≈≈≈≈≈#
#≈≈≈≈≈≈#
#≈≈≈≈#≈#
#≈≈#≈≈≈#
#≈≈≈≈≈≈#
#≈≈≈#≈≈#
#≈≈≈≈≈≈#
#≈÷≈≈≈≈#
#≈≈≈≈≈≈#
#≈≈÷≈≈≈#
#≈≈≈≈≈.#
#≈≈≈≈.≈#
#≈≈≈≈≈≈#
#≈≈≈÷≈≈#
#≈≈≈≈≈≈#


You could see a river rat.

Vanquished Creatures
  Jessica (D:3)
  3 adders
  3 river rats
  An ooze (D:3)
  3 dart slugs
  A leopard gecko (D:3)
  2 ball pythons
  9 bats
  5 giant cockroaches
  7 goblins
  6 hobgoblins
  7 jackals
  6 kobolds
  A quokka (D:2)
  6 frilled lizards
  21 rats
82 creatures vanquished.

Notes
Turn   | Place    | Note
-------+----------+-------------------------------------------
     0 | D:1      | empire the Minotaur Fighter began the quest for the Orb.
     0 | D:1      | Reached XP level 1. HP: 19/19 MP: 0/0
    98 | D:1      | Reached XP level 2. HP: 23/26 MP: 1/1
   115 | D:1      | Reached skill level 3 in Long Blades
   301 | D:1      | Reached XP level 3. HP: 31/31 MP: 2/2
   499 | D:2      | Reached skill level 4 in Long Blades
   917 | D:2      | Reached XP level 4. HP: 39/39 MP: 3/3
  1353 | D:3      | Reached skill level 5 in Long Blades
  1424 | D:3      | Noticed Jessica
  1439 | D:3      | Killed Jessica
  1439 | D:3      | Reached skill level 1 in Dodging
  1446 | D:3      | Found a glowing drain.
  1486 | Sewer    | Entered a sewer
  1527 | Sewer    | Reached XP level 5. HP: 29/45 MP: 4/4
  1831 | Sewer    | Slain by a river rat

Skill      XL: |  1  2  3  4  5 |
---------------+----------------+-----
Long Blades    | 3 4 5 |  5.0
Armour         | 4 |  4.0
Shields        | 4 |  4.0
Dodging        | 2 3 |  3.0
Fighting       | |  3.6

Action                   |  1- 3 |  4- 6 || total
-------------------------+-------+-------++-------
Melee: Long sword        |   101 |    84 ||   185
       Headbutt          |    15 |    15 ||    30
  Use: Scroll            |       |     4 ||     4
       Potion            |       |     2 ||     2
  Eat: Chunk             |       |     3 ||     3
Armor: Scale mail        |    53 |    31 ||    84
Dodge: Dodged            |    28 |    29 ||    57
Block: Shield            |    54 |    38 ||    92
       Rpst.: Long sword |     4 |     8 ||    12
